Map: Catalyst LE

Players

Marzbar - Winner!

  • Race: Zerg Zerg
  • League: Diamond
  • Spawn Location: 11:00

Centropyge

  • Race: Zerg Zerg
  • League: Diamond
  • Spawn Location: 5:00

VOD

Have the link to the VOD?

Description

Time

  • Played on: June 5, 2018, 1:27 p.m.
  • Length: 14:01
Show
View Real Time Build Order
Export as new Build Order

Marzbar Zerg - Winner!

Build Orders: Hatch First 

Get SALT Encoding   

  12  0:01  Drone  
  13  0:13  Overlord  
  13  0:18  Drone  
  14  0:31  Drone x2  
  14  0:34  Drone  
  17  0:54  Hatchery  
  17  0:56  Drone  
  17  0:59  Drone  
  17  1:02  Extractor  
  17  1:18  Spawning Pool  
  16  1:19  Drone  
  16  1:23  Drone  
  18  1:28  Drone  
  19  1:38  Overlord  
  19  1:50  Drone  
  20  2:04  Queen  
  20  2:05  Queen  
  20  2:07  Zergling x4  
  26  2:14  Metabolic Boost  
  26  2:16  Drone  
  27  2:28  Drone x2  
  27  2:29  Drone  
  30  2:33  Drone  
  31  2:48  Hatchery  
  30  2:51  Drone  
  31  3:00  Drone x2  
  31  3:01  Overlord  
  31  3:03  Drone  
  34  3:06  Drone  
  35  3:13  Zergling x2  
  36  3:21  Zergling x8  
  40  3:27  Zergling x2, Evolution Chamber  
  40  3:30  Drone  
  40  3:32  Evolution Chamber  
  40  3:47  Overlord, Drone x3  
  40  3:48  Zergling x2  
  43  4:02  Zergling x6  
  39  4:14  Zergling x12  
  36  4:22  Queen x2  
  36  4:23  Zergling x4  
  42  4:30  Spine Crawler  
  41  4:32  Drone  
  41  4:33  Drone  
  41  4:37  Zergling x4  
  41  4:53  Zergling x4  
  41  4:54  Drone  
  41  4:55  Drone x3  
  47  5:03  Drone x4  
  51  5:09  Baneling Nest  
  51  5:14  Drone x2  
  50  5:15  Drone  
  47  5:36  Zergling x4  
  47  5:37  Overlord x2, Drone  
  47  5:38  Drone x5  
  55  5:44  Lair  
  55  5:47  Extractor  
  51  5:50  Drone x4  
  53  6:02  Baneling x2  
  53  6:11  Drone  
  53  6:12  Drone x3  
  53  6:13  Overlord  
  53  6:14  Zergling x16  
  64  6:22  Zerg Missile Weapons Level 1  
  64  6:23  Zerg Ground Armor Level 1  
  64  6:37  Overlord x2  
  64  6:38  Drone x4  
  60  6:50  Zergling x2  
  60  6:51  Zergling x10  
  64  7:00  Zergling x4  
  64  7:01  Zergling x2  
  63  7:07  Zergling x6  
  58  7:18  Zergling x8  
  58  7:20  Baneling x3  
  61  7:33  Baneling  
  61  7:34  Baneling  
  61  7:36  Zergling x4  
  64  7:37  Drone x4  
  66  7:50  Drone  
  66  7:51  Drone x6  
  73  8:02  Zergling x2  
  73  8:03  Zergling x6  
  76  8:11  Roach Warren  
  59  8:27  Zergling x2  
  59  8:28  Zergling x12  
  59  8:31  Zergling x2  
  65  8:47  Zergling x2  
  65  8:48  Zergling x2  
  66  8:55  Baneling  
  65  8:58  Spore Crawler  
  65  8:59  Spore Crawler  
  65  9:00  Queen x2, Spore Crawler  
  65  9:01  Spore Crawler  
  64  9:06  Hatchery  
  64  9:07  Zergling x12  
  64  9:08  Hatchery, Spore Crawler  
  64  9:09  Baneling  
  65  9:10  Baneling  
  65  9:12  Zergling x2  
  66  9:19  Zergling x2  
  64  9:32  Baneling x3  
  64  9:33  Overlord x2, Baneling x2  
  64  9:34  Zergling x2  
  65  9:40  Extractor, Spore Crawler  
  65  9:42  Spore Crawler  
  62  9:48  Hydralisk Den  
  62  9:49  Extractor  
  62  9:50  Spore Crawler  
  62  9:51  Zergling x2, Spore Crawler  
  62  9:52  Zergling x6  
  51  10:05  Zergling x2  
  51  10:06  Zergling x6  
  52  10:15  Baneling x13  
  52  10:16  Baneling x6  
  52  10:17  Zergling x8  
  54  10:25  Zergling x4  
  56  10:35  Zergling x4  
  51  10:36  Zergling x10  
  51  10:40  Hydralisk x3  
  63  10:48  Spore Crawler  
  59  10:50  Spore Crawler  
  54  11:14  Zergling x2  
  54  11:15  Zergling x24  
  65  11:24  Overlord  
  65  11:25  Drone x2  
  55  11:50  Hydralisk x5  
  65  12:17  Hydralisk x5  
  75  12:36  Nydus Network  
  74  12:41  Hydralisk x2  
  74  12:42  Hydralisk  
  80  13:04  Hydralisk x4  
  88  13:26  Nydus Canal  
  88  13:32  Drone  
  88  13:33  Drone x4  
  88  13:34  Roach  
Show
View Real Time Build Order
Export as new Build Order

Centropyge Zerg 

Build Orders: Hatch First 

Get SALT Encoding   

  12  0:02  Drone  
  13  0:14  Drone  
  14  0:25  Overlord  
  14  0:49  Drone  
  16  0:50  Drone  
  16  0:53  Drone  
  16  0:54  Hatchery  
  16  1:03  Drone  
  17  1:15  Spawning Pool  
  17  1:17  Drone  
  17  1:20  Extractor  
  17  1:24  Drone  
  17  1:43  Drone  
  17  1:44  Drone  
  19  1:58  Overlord  
  19  2:02  Queen  
  19  2:06  Queen  
  23  2:10  Zergling x4  
  25  2:28  Zergling x2  
  26  2:39  Drone x3  
  26  2:41  Drone  
  26  2:43  Hatchery  
  29  2:49  Zergling x4  
  31  3:01  Baneling Nest  
  31  3:04  Metabolic Boost  
  30  3:05  Zergling x2  
  30  3:10  Drone x2  
  33  3:28  Drone x2  
  33  3:29  Drone  
  33  3:30  Overlord x2  
  36  3:46  Baneling x4  
  36  3:47  Baneling x2  
  36  3:49  Zergling x2  
  36  3:50  Zergling x6  
  40  3:57  Baneling  
  40  3:59  Zergling x6  
  36  4:39  Zergling x12  
  39  4:59  Queen x3  
  41  5:02  Baneling x2  
  41  5:04  Drone x7  
  41  5:05  Drone  
  41  5:07  Baneling  
  49  5:36  Zergling x12  
  49  5:37  Zergling x4  
  49  5:38  Baneling x3  
  57  5:45  Zergling x2  
  54  6:04  Lair  
  54  6:06  Drone  
  54  6:09  Extractor  
  54  6:10  Extractor  
  53  6:12  Evolution Chamber  
  53  6:13  Evolution Chamber  
  53  6:16  Zergling x12  
  57  6:24  Extractor, Zergling x2, Overlord x3  
  47  7:04  Zergling x10  
  47  7:05  Zergling x12  
  57  7:19  Zergling x8  
  60  7:25  Spire  
  55  7:47  Zergling x2  
  55  7:48  Zergling x10  
  60  7:59  Baneling x2  
  60  8:00  Baneling x7  
  43  8:32  Drone x3  
  43  8:33  Drone x10  
  53  8:43  Zerg Melee Weapons Level 1  
  53  8:44  Zerg Ground Armor Level 1  
  45  8:57  Zergling x2  
  45  8:58  Zergling x14  
  45  9:28  Baneling  
  45  9:29  Baneling x4  
  45  9:30  Zergling x2  
  45  9:31  Zergling x12  
  46  9:47  Hatchery  
  46  9:49  Zergling x6  
  46  9:50  Zergling x4  
  48  9:57  Zergling x2  
  44  10:01  Zergling x2  
  44  10:03  Mutalisk  
  28  10:40  Drone x11  
  39  10:47  Mutalisk  
  41  10:54  Drone  
  35  11:02  Mutalisk  
  24  11:21  Zergling x12  
  28  11:41  Zergling x2  
  28  11:42  Zergling x4  
  29  11:50  Drone x2  
  29  11:51  Queen  
  33  11:57  Drone  
  33  11:59  Drone  
  35  12:02  Drone x3  
  35  12:04  Baneling x2  
  35  12:05  Baneling  
  35  12:06  Baneling  
  38  12:18  Extractor  
  38  12:22  Spine Crawler, Drone x3  
  40  12:23  Drone x2  
  40  12:28  Extractor, Drone x2  
  42  12:31  Drone  
  42  12:32  Drone x3  
  42  12:33  Drone  
  47  13:15  Drone x4  
  47  13:16  Drone x2  
  47  13:17  Drone x3  
  47  13:19  Drone x3  
  59  13:20  Drone x2  
  59  13:21  Drone x2  
  59  13:25  Roach Warren  
  62  13:29  Drone x2  
Tags
 
Add a new tag
Caveats
  • Supply blocks, unpowered buildings, or Contaminate may cause inaccurate times.
  • Supply counts are checked every 10 seconds.